 Dungeon Crawl Stone Soup version 0.30-a0-570-g486de37d69 (webtiles) character file.

Game seed: 15170914582513264426

36853 wilfster70 the Frost Mage (level 13, -1/106 HPs)
             Began as a Gnoll Ice Elementalist on Dec 30, 2022.
             Was a High Priest of Ashenzari.
             Slain by a black mamba (4 damage)
             ... while petrified by a catoblepas
             ... on level 5 of the Lair of Beasts.
             The game lasted 00:48:56 (17043 turns).

wilfster70 the Frost Mage (Gnoll Ice Elementalist) Turns: 17043, Time: 00:48:56

Health: -1/106     AC:  9    Str: 12    XL:     13   Next: 92%
Magic:  34/38      EV:  2    Int: 19    God:    Ashenzari [*****.]
Gold:   1103       SH:  0    Dex: 12    Spells: 24/37 levels left

rFire   . . .      SeeInvis +    a - +8 quarterstaff of Cremastomancy {heavy, SInv, Evo, Elem} (curse)
rCold   . . .      Faith    .    (shield currently unavailable)
rNeg    + + +      Spirit   .    f - +0 robe of Ashenzari's Planets {Evo, Elem} (curse)
rPois   ∞          Reflect  .    j - +0 helmet of Ashenzari's Seeker {Self, Elem} (curse)
rElec   .          Harm     .    (no cloak)
rCorr   .          Rampage  .    v - +1 pair of gloves of Desmomancy {Cun, Fort} (curse)
Will    .....      Clarity  +    c - +1 pair of boots "Dismay of Ashenzari" {Bglg, Range} (curse)
Stlth   +++++                    (no amulet)
HPRegen 0.37/turn                D - ring "Omen of Ashenzari" {MP+9 Str+3, Fort, Cun} (curse)
MPRegen 0.26/turn                k - ring "Jealousy of Ashenzari" {EV+5, Bglg, Evo} (curse)

@: lethally poisoned (-1 -> -1), petrified, freezing walls
A: fangs 1, strong nose, distributed training
a: Renounce Religion, Curse Item, Shatter the Chains


You were on level 5 of the Lair of Beasts.
You worshipped Ashenzari.
Ashenzari was extremely pleased with you.
You visited 3 branches of the dungeon, and saw 17 of its levels.
You also visited: Ossuary and Ice Cave.

You collected 1263 gold pieces.
You spent 160 gold pieces at shops.

Inventory:

Hand Weapons
 a - the cursed +8 quarterstaff of Cremastomancy (weapon) {heavy, SInv, Evo, Elem}
   (You found it on level 9 of the Dungeon)

   It deals dramatically more damage, but attacks with it are much slower.
   SInv:      It lets you see invisible.
   It has a curse which improves the following skills: Evocations: Evocations.
   Elements:  Fire Magic, Ice Magic, Air Magic and Earth Magic.
 b - a +0 demon trident
Missiles
 L - 8 curare-tipped darts
Armour
 c - the cursed +1 pair of boots "Dismay of Ashenzari" (worn) {Bglg, Range}
   (You found it on level 1 of the Dungeon)

   It has a curse which improves the following skills: Beguiling: Conjurations,
   Hexes and Translocations.
   Ranged Combat: Ranged Weapons and Throwing.
 f - the cursed +0 robe of Ashenzari's Planets (worn) {Evo, Elem}

   It has a curse which improves the following skills: Evocations: Evocations.
   Elements:  Fire Magic, Ice Magic, Air Magic and Earth Magic.
 j - the cursed +0 helmet of Ashenzari's Seeker (worn) {Self, Elem}
   (You found it on level 2 of the Dungeon)

   It has a curse which improves the following skills: Introspection: Fighting
   and Spellcasting.
   Elements:  Fire Magic, Ice Magic, Air Magic and Earth Magic.
 v - the cursed +1 pair of gloves of Desmomancy (worn) {Cun, Fort}
   (You found it on level 4 of the Dungeon)

   It has a curse which improves the following skills: Cunning: Dodging and
   Stealth.
   Fortitude: Armour and Shields.
Jewellery
 k - the cursed ring "Jealousy of Ashenzari" (right hand) {EV+5, Bglg, Evo}
   (You found it on level 2 of the Dungeon)

   [ring of evasion]

   EV:        It affects your evasion (+5).
   It has a curse which improves the following skills: Beguiling: Conjurations,
   Hexes and Translocations.
   Evocations: Evocations.
 s - a +4 ring of slaying
 D - the cursed ring "Omen of Ashenzari" (left hand) {MP+9 Str+3, Fort, Cun}
   (You acquired it on level 6 of the Dungeon)

   [ring of magical power]

   Str:       It affects your strength (+3).
   MP:        It affects your magic capacity (+9).
   It has a curse which improves the following skills: Fortitude: Armour and
   Shields.
   Cunning:   Dodging and Stealth.
 K - a ring of willpower
Wands
 g - a wand of polymorph (5)
 x - a wand of mindburst (20)
 y - a wand of light (8)
 C - a wand of roots (16)
 F - a wand of digging (6)
Scrolls
 l - a scroll of fear
 t - 4 scrolls of teleportation
 w - a scroll of silence
 E - a scroll of butterflies
 G - 2 scrolls of fog
 H - a scroll of amnesia
 I - 2 scrolls of magic mapping
 J - 3 scrolls of blinking
Potions
 d - 7 potions of brilliance
 e - 6 potions of flight
 h - 2 potions of lignification
 i - 4 potions of magic
 m - 3 potions of ambrosia
 n - 6 potions of curing
 o - 5 potions of heal wounds
 p - a potion of invisibility
 q - 3 potions of might
 r - a potion of berserk rage
 u - 4 potions of cancellation
 z - 7 potions of haste
 A - 3 potions of mutation
 B - 3 potions of degeneration


   Skills:
 + Level 9.0(11.4) Fighting
 + Level 9.0 Short Blades
 + Level 9.0 Long Blades
 + Level 9.0 Axes
 + Level 9.0 Maces & Flails
 + Level 9.0 Polearms
 + Level 9.0 Staves
 + Level 9.0(11.4) Ranged Weapons
 + Level 9.0(11.4) Throwing
 + Level 9.0(12.5) Armour
 + Level 10.2(13.6) Dodging
 + Level 10.0(13.4) Stealth
 + Level 9.0(12.5) Shields
 + Level 9.0 Unarmed Combat
 + Level 10.4(12.6) Spellcasting
 + Level 7.5(11.0) Conjurations
 + Level 7.5(11.0) Hexes
 + Level 7.5 Summonings
 + Level 7.5 Necromancy
 + Level 7.5(11.0) Translocations
 + Level 7.5 Transmutations
 + Level 7.5(12.0) Fire Magic
 + Level 10.4(14.9) Ice Magic
 + Level 7.5(12.0) Air Magic
 + Level 7.5(12.0) Earth Magic
 + Level 7.5 Poison Magic
 + Level 9.9 Invocations
 + Level 9.0(13.5) Evocations


You had 24 spell levels left.
You knew the following spells:

 Your Spells              Type           Power      Damage    Failure   Level
a - Freeze                Ice            100%       1d10      0%          1
b - Frozen Ramparts       Ice            100%       1d16      1%          3
c - Ozocubu's Armour      Ice            62%        N/A       1%          3
d - Iron Shot             Conj/Erth      27%        9d6       8%          6

Your spell library contained the following spells:

 Spells                   Type           Power      Damage    Failure   Level
 Sting                    Tmut/Pois      100%       1d8       1%          1
 Cigotuvi's Dreadful Rot  Necr/Pois/Air  92%        N/A       1%          2
 Ensorcelled Hibernation  Hex/Ice        100%       N/A       1%          2
 Poisonous Vapours        Pois/Air       98%        N/A       1%          2
 Gell's Gravitas          Tloc           52%        N/A       1%          3
 Mephitic Cloud           Conj/Pois/Air  50%        N/A       1%          3
 Spider Form              Tmut/Pois      40%        N/A       1%          3
 Teleport Other           Tloc           52%        N/A       1%          3
 Anguish                  Hex/Necr       23%        N/A       1%          4
 Animate Armour           Summ/Erth      98%        N/A       1%          4
 Summon Ice Beast         Ice/Summ       53%        N/A       1%          4
 Olgreb's Toxic Radiance  Pois           40%        N/A       2%          4
 Blade Hands              Tmut           20%        N/A       7%          5
 Dispersal                Tloc           26%        N/A       10%         6
 Ozocubu's Refrigeration  Ice            31%        4d14      11%         7
 Ignition                 Fire           27%        3d9       95%         8


Dungeon Overview and Level Annotations

Branches:
Dungeon (11/15)            Temple (1/1) D:5            Lair (5/5) D:8
  Swamp (0/4) Lair:2       Spider (0/4) Lair:2        Slime (0/5) Lair:5
Ossuary (visited)           IceCv (visited)
    Orc: D:9-12

Altars:
Ashenzari
Cheibriados
Dithmenos
Elyvilon
Fedhas
Gozag
Hepliaklqana
Kikubaaqudgha
Makhleb
Nemelex Xobeh
Okawaru
Qazlal
Ru
Sif Muna
Trog
Uskayaw
Vehumet
Wu Jian
Xom
Yredelemnul
Zin
The Shining One

Shops:
D:2 =   D:7 *

Annotations:
D:11 exclusion: boulder beetle
Lair:5 1 runed translucent door


Innate Abilities, Weirdness & Mutations

You have very sharp teeth.
Your uncanny sense of smell can sniff out nearby items.
Your experience applies equally to all skills.


Message History

The wall freezes the black mamba but does no damage.
The black mamba bites you but does no damage.
The lindwurm barely misses you.
The lindwurm claws you but does no damage. x2
The wall freezes the catoblepas!
The catoblepas gores you!
* * * LOW HITPOINT WARNING * * *
You feel much better.
You are engulfed in calcifying dust.
Your limbs have turned to stone.
The wall freezes the black mamba.
The black mamba bites you.
You are poisoned.
The black mamba poisons you! The lindwurm barely misses you.
The lindwurm claws you but does no damage. x2
The wall freezes the catoblepas!
The catoblepas gores you!!
* * * LOW HITPOINT WARNING * * *
The wall freezes the black mamba but does no damage.
The black mamba misses you.
You have turned to stone.
You are engulfed in calcifying dust.
The lindwurm breathes flames at you. The blast of flame hits you!!
Your icy armour melts away.
* * * LOW HITPOINT WARNING * * *
The wall freezes the catoblepas.
The catoblepas barely misses you.
The wall freezes the black mamba but does no damage.
The black mamba bites you!
* * * LOW HITPOINT WARNING * * *
The wall freezes the catoblepas.
The catoblepas breathes a plume of calcifying dust at you.
The blast of calcifying dust hits you.
* * * LOW HITPOINT WARNING * * *
The lindwurm bites you.
* * * LOW HITPOINT WARNING * * *
The lindwurm claws you but does no damage. x2
The wall freezes the black mamba.
The black mamba bites you.
* * * LOW HITPOINT WARNING * * *
You are engulfed in calcifying dust.
The lindwurm barely misses you. The lindwurm claws you.
* * * LOW HITPOINT WARNING * * *
The lindwurm claws you but does no damage.
The wall freezes the black mamba.
The black mamba bites you!
You die...

###....# .P#.......
#.##...#...##..#...
##.P###.#..# #...... * *
###...#.....P###......
** *
#§#..........##...##.. ,
**##§........#.##.......
, ,,
#..§...#...#######.#.. ,
,, ##..#§###P.## ##... *
, , #.....@S####
####.... ** ,, ,
#...#.kY#* ** #.###... ,
#.......# ∆ #..#.... ,,
, ,, ##..#####∆∆∆
*#....... * * ,, ,,* #P.
∆ { ###..... * #. * {{{
##.... * , #.*,, ,,
,,{** #....# , , ,,# * ,
##.#.. , , , , , , *
##...


You could see a catoblepas, a lindwurm (catching breath) and a black mamba
(slow).

Vanquished Creatures
  2 hydras
  5 catoblepae
  2 boulder beetles
  A two-headed ogre (D:11)
  A manticore (Lair:5)
  An ugly thing (D:9)
  3 elephants (Lair:2)
  3 black mambas (Lair:3)
  A gargoyle (D:10)
  4 torpor snails
  7 cane toads
  An unseen horror (D:11)
  3 rime drakes
  5 komodo dragons
  2 hornets
  6 polar bears
  2 trolls
  19 blink frogs
  11 dream sheep
  A vampire (D:8)
  Sigmund (D:2)
  6 wyverns
  2 wraiths
  2 shadows (D:9)
  4 basilisks
  3 redbacks (Lair:2)
  4 vampire mosquitoes (D:10)
  A steam dragon (D:7)
  29 yaks
  8 water moccasins
  5 black bears (Lair:2)
  5 orc warriors
  A swamp drake (Lair:2)
  3 sky beasts
  An ogre (D:5)
  6 wolves
  8 centaurs
  An elf zombie (Ossuary)
  A phantom (D:6)
  5 kobold brigands
  Blork the orc (D:6)
  2 necrophages
  11 bullfrogs
  A gnoll sergeant (D:9)
  7 scorpions
  24 wights
  6 killer bees
  A howler monkey (D:5)
  An orc priest (D:9)
  2 hounds
  2 jellies
  A human zombie (Ossuary)
  Ijyb (D:5)
  7 iguanas
  A hell rat (Lair:5)
  4 orc wizards
  3 mummies (Ossuary)
  4 gnolls (D:8)
  9 adders
  A white imp (D:3)
  An ufetubus (D:5)
  A worm (D:3)
  A dart slug (D:4)
  25 orcs
  8 ball pythons
  17 bats
  9 endoplasms
  3 giant cockroaches
  5 hobgoblins
  A quokka (D:1)
  3 frilled lizards
  2 gnoll zombies (Ossuary)
  7 goblins
  3 goblin zombies
  3 hobgoblin zombies (Ossuary)
  28 kobolds
  A kobold zombie (Ossuary)
  A quokka zombie (D:7)
  6 rats
390 creatures vanquished.

Vanquished Creatures (others)
  21 fungi
  47 plants
  14 toadstools
82 creatures vanquished.

Grand Total: 472 creatures vanquished

Notes
Turn   | Place    | Note
-------+----------+-------------------------------------------
     0 | D:1      | wilfster70 the Gnoll Ice Elementalist began the quest for
                  | the Orb.
     0 | D:1      | Reached XP level 1. HP: 13/13 MP: 6/6
   121 | D:1      | Reached XP level 2. HP: 19/19 MP: 4/7
   441 | D:1      | Reached skill level 5 in Spellcasting
   441 | D:1      | Reached XP level 3. HP: 25/25 MP: 2/9
   445 | D:1      | Learned a level 3 spell: Frozen Ramparts
   449 | D:1      | Learned a level 3 spell: Ozocubu's Armour
   963 | D:2      | Reached skill level 1 in Invocations
  1015 | D:2      | Found a blossoming altar of Fedhas.
  1275 | D:2      | Found Yrryfum's Jewellery Emporium.
  1393 | D:2      | Noticed a necrophage
  1403 | D:2      | Killed a necrophage
  1404 | D:2      | Reached skill level 1 in Fighting
  1404 | D:2      | Reached skill level 1 in Short Blades
  1404 | D:2      | Reached skill level 1 in Long Blades
  1404 | D:2      | Reached skill level 1 in Axes
  1404 | D:2      | Reached skill level 1 in Maces & Flails
  1404 | D:2      | Reached skill level 1 in Polearms
  1404 | D:2      | Reached skill level 1 in Staves
  1404 | D:2      | Reached skill level 1 in Ranged Weapons
  1404 | D:2      | Reached skill level 1 in Throwing
  1404 | D:2      | Reached skill level 1 in Armour
  1404 | D:2      | Reached skill level 1 in Shields
  1404 | D:2      | Reached skill level 1 in Unarmed Combat
  1404 | D:2      | Reached skill level 1 in Conjurations
  1404 | D:2      | Reached skill level 1 in Hexes
  1404 | D:2      | Reached skill level 1 in Summonings
  1404 | D:2      | Reached skill level 1 in Necromancy
  1404 | D:2      | Reached skill level 1 in Translocations
  1404 | D:2      | Reached skill level 1 in Transmutations
  1404 | D:2      | Reached skill level 1 in Fire Magic
  1404 | D:2      | Reached skill level 1 in Air Magic
  1404 | D:2      | Reached skill level 1 in Earth Magic
  1404 | D:2      | Reached skill level 1 in Poison Magic
  1404 | D:2      | Reached skill level 1 in Evocations
  1404 | D:2      | Reached XP level 4. HP: 32/32 MP: 1/11
  1528 | D:2      | Noticed Sigmund
  1533 | D:2      | Killed Sigmund
  1534 | D:2      | Reached skill level 5 in Dodging
  1534 | D:2      | Reached XP level 5. HP: 38/38 MP: 5/12
  1534 | D:2      | Reached XP level 6. HP: 44/44 MP: 5/14
  1754 | D:3      | Found a faded altar of an unknown god.
  2029 | D:3      | Noticed a sky beast
  2047 | D:3      | Killed a sky beast
  2501 | D:4      | Identified the +0 helmet of the Armadillo {rF+ rC- rCorr
                  | Str+3}
  2543 | D:4      | Reached XP level 7. HP: 50/50 MP: 9/15
  2832 | D:5      | Entered Level 5 of the Dungeon
  2885 | D:5      | Found a white marble altar of Elyvilon.
  3026 | D:5      | Found a basalt altar of Yredelemnul.
  3189 | D:5      | Reached skill level 5 in Stealth
  3560 | D:5      | Found a sparkling altar of Nemelex Xobeh.
  3561 | D:5      | Noticed Ijyb
  3601 | D:5      | Killed Ijyb
  3602 | D:5      | Reached XP level 8. HP: 57/58 MP: 8/16
  3692 | D:5      | Found a glowing silver altar of Zin.
  4153 | D:5      | Found a staircase to the Ecumenical Temple.
  4159 | Temple   | Entered the Ecumenical Temple
  4200 | Temple   | Became a worshipper of Ashenzari the Shackled
  4487 | D:6      | Identified 2 scrolls of acquirement
  4487 | D:6      | Acquired the ring of Makhleb's Condemnation {MP+9 Str+3}
  4489 | D:6      | Acquired a +3 war axe of electrocution
  4661 | D:6      | Reached XP level 9. HP: 56/65 MP: 18/18
  5055 | D:6      | Noticed Blork the orc
  5075 | D:6      | Killed Blork the orc
  5299 | D:7      | Found a stormy altar of Qazlal.
  5502 | D:7      | Found a shadowy altar of Dithmenos.
  5574 | D:7      | Reached skill level 5 in Invocations
  5773 | D:7      | Found Ischureis's Lightly-Used Armoury.
  5787 | D:7      | Bought a -1 demon trident for 160 gold pieces
  5801 | D:7      | Found a sand-covered staircase.
  5824 | Ossuary  | Entered an ossuary
  6055 | Ossuary  | Reached * piety under Ashenzari
  6262 | D:7      | Found a sacrificial altar of Ru.
  6687 | D:8      | Reached skill level 5 in Fighting
  6687 | D:8      | Reached skill level 5 in Short Blades
  6687 | D:8      | Reached skill level 5 in Long Blades
  6687 | D:8      | Reached skill level 5 in Axes
  6687 | D:8      | Reached skill level 5 in Maces & Flails
  6687 | D:8      | Reached skill level 5 in Polearms
  6687 | D:8      | Reached skill level 5 in Staves
  6687 | D:8      | Reached skill level 5 in Ranged Weapons
  6687 | D:8      | Reached skill level 5 in Throwing
  6687 | D:8      | Reached skill level 5 in Armour
  6687 | D:8      | Reached skill level 5 in Shields
  6687 | D:8      | Reached skill level 5 in Unarmed Combat
  6687 | D:8      | Reached skill level 5 in Evocations
  6687 | D:8      | Reached XP level 10. HP: 28/74 MP: 15/20
  6899 | D:8      | Reached ** piety under Ashenzari
  6960 | D:8      | Found a glowing golden altar of the Shining One.
  7056 | D:8      | Found a shimmering altar of Xom.
  7057 | D:8      | Found an ancient bone altar of Kikubaaqudgha.
  7057 | D:8      | Found a bloodstained altar of Trog.
  7071 | D:8      | Found a hazy altar of Hepliaklqana.
  7192 | D:8      | Found a staircase to the Lair.
  7982 | D:9      | Identified the +8 quarterstaff of Descent {heavy, SInv}
  8367 | D:9      | Found a shimmering blue altar of Sif Muna.
  8555 | D:9      | Found a burning altar of Makhleb.
  8706 | D:9      | Noticed a red ugly thing
  8727 | D:9      | Killed a red ugly thing
  8728 | D:9      | Reached skill level 5 in Conjurations
  8728 | D:9      | Reached skill level 5 in Hexes
  8728 | D:9      | Reached skill level 5 in Summonings
  8728 | D:9      | Reached skill level 5 in Necromancy
  8728 | D:9      | Reached skill level 5 in Translocations
  8728 | D:9      | Reached skill level 5 in Transmutations
  8728 | D:9      | Reached skill level 5 in Fire Magic
  8728 | D:9      | Reached skill level 5 in Air Magic
  8728 | D:9      | Reached skill level 5 in Earth Magic
  8728 | D:9      | Reached skill level 5 in Poison Magic
  8728 | D:9      | Reached XP level 11. HP: 53/81 MP: 19/23
  9130 | D:10     | Entered Level 10 of the Dungeon
  9576 | D:10     | Reached *** piety under Ashenzari
  9859 | D:11     | Noticed a two-headed ogre
  9865 | D:11     | Killed a two-headed ogre
  9973 | D:11     | Noticed a boulder beetle
 10057 | Lair:1   | Entered Level 1 of the Lair of Beasts
 10166 | Lair:1   | Reached **** piety under Ashenzari
 10287 | Lair:1   | Noticed a catoblepas
 10296 | Lair:1   | Killed a catoblepas
 10848 | Lair:2   | Reached ***** piety under Ashenzari
 10947 | Lair:2   | Reached XP level 12. HP: 72/96 MP: 27/27
 11706 | Lair:2   | Found a staircase to the Swamp.
 11942 | Lair:2   | Found a hole to the Spider Nest.
 12207 | Lair:3   | Noticed a catoblepas
 12220 | Lair:3   | Killed a catoblepas
 12377 | Lair:3   | Found a frozen archway.
 12387 | IceCv    | Entered an ice cave
 12515 | Lair:3   | Noticed a boulder beetle
 12557 | Lair:3   | Killed a boulder beetle
 12660 | Lair:3   | Found the +8 demon blade "Leech" {vamp, Harm Drain rN+}
 12966 | Lair:3   | Noticed a catoblepas
 12998 | Lair:3   | Killed a catoblepas
 13328 | Lair:3   | Noticed an eight-headed hydra
 13348 | Lair:3   | Killed an eight-headed hydra
 13350 | Lair:3   | Reached XP level 13. HP: 96/104 MP: 28/28
 13433 | Lair:3   | Noticed a dire elephant
 13649 | Lair:4   | Reached skill level 10 in Ice Magic
 14381 | Lair:4   | Reached skill level 10 in Spellcasting
 14552 | Lair:4   | Found a broken altar of Ashenzari.
 15220 | Lair:4   | Learned a level 6 spell: Iron Shot
 15254 | Lair:5   | Entered Level 5 of the Lair of Beasts
 15254 | Lair:5   | Found a shadowy altar of Dithmenos.
 15834 | Lair:5   | Reached skill level 10 in Dodging
 16049 | Lair:5   | Found a runed translucent door.
 16050 | Lair:5   | Noticed a fire dragon
 16486 | Lair:5   | Found a staircase to the Slime Pits.
 16976 | Lair:5   | Reached skill level 10 in Stealth
 17042 | Lair:5   | HP: 3/106 [black mamba (3)]
 17043 | Lair:5   | Slain by a black mamba

Illustrated notes

Levels and vault maps discovered:
D:1:      ldierk_walled_garden_2, layout_loops_cross
D:2:      layout_loops_ring, basic_altar, serial_shops, nicolae_lakefront_shop,
          nicolae_eternal_life, uniq_sigmund
D:3:      layout_basic, nicolae_ecumenical_pavilion
D:4:      layout_rooms
D:5:      old_forge, layout_layer_cave, mainiacjoe_overflow_boulevard,
          kennysheep_ying_yang, lemuel_tele_altar,
          minmay_temple_entry_nine_rooms, minivault_23, corexii_shack, uniq_ijyb
D:6:      layout_basic, uniq_blork_the_orc
D:7:      layout_cave_pools, nicolae_qazlal_scattered_showers,
          mainiacjoe_overflow_catch_the_wave, enter_ossuary_4,
          minmay_shop_damaged, kennysheep_nondescript
D:8:      layout_basic, kennysheep_mini_moat, nicolae_overflow_quartered_altars,
          lair_entry_dummy
D:9:      cheibrodos_barr_body, layout_gridville, overflow_temple_1_default,
          mainiacjoe_overflow_alcove_4
D:10:     layout_rooms
D:11:     layout_big_octagon, orc_0_dummy
Temple:   hellmonk_temple_of_storms
Lair:1:   layout_misc_corridors
Lair:2:   beast_lair_carwin_large_1, layout_small_grid,
          minmay_swamp_entry_reptiles, spider_nest_entry_webs, minivault_27,
          lemuel_old_faithful
Lair:3:   gammafunk_lair_enchanted_lake, layout_misc_corridors,
          portal_ice_cave_entry_pillars_1, dreamdust_deal_with_the_devil
Lair:4:   layout_cave_pods, lemuel_centaur_altar
Lair:5:   hangedman_lair_in_review, layout_gridlike, wormcave, slime_entry_1,
          basic_altar

Skill      XL: |  1  2  3  4  5  6  7  8  9 10 11 12 13 |
---------------+----------------------------------------+-----
Spellcasting   | 5 6 7 8 9 10 | 10.4
Invocations    | 1 2 3 4 5 6 7 8 9 |  9.9
Fighting       | 1 2 3 5 6 7 8 9 |  9.0
Short Blades   | 1 2 3 5 6 7 8 9 |  9.0
Long Blades    | 1 2 3 5 6 7 8 9 |  9.0
Axes           | 1 2 3 5 6 7 8 9 |  9.0
Maces & Flails | 1 2 3 5 6 7 8 9 |  9.0
Polearms       | 1 2 3 5 6 7 8 9 |  9.0
Staves         | 1 2 3 5 6 7 8 9 |  9.0
Ranged Weapons | 1 2 3 5 6 7 8 9 |  9.0
Throwing       | 1 2 3 5 6 7 8 9 |  9.0
Armour         | 1 2 3 5 6 7 8 9 |  9.0
Shields        | 1 2 3 5 6 7 8 9 |  9.0
Unarmed Combat | 1 2 3 5 6 7 8 9 |  9.0
Conjurations   | 1 2 3 4 5 6 7 |  7.5
Hexes          | 1 2 3 4 5 6 7 |  7.5
Summonings     | 1 2 3 4 5 6 7 |  7.5
Necromancy     | 1 2 3 4 5 6 7 |  7.5
Translocations | 1 2 3 4 5 6 7 |  7.5
Transmutations | 1 2 3 4 5 6 7 |  7.5
Fire Magic     | 1 2 3 4 5 6 7 |  7.5
Air Magic      | 1 2 3 4 5 6 7 |  7.5
Earth Magic    | 1 2 3 4 5 6 7 |  7.5
Poison Magic   | 1 2 3 4 5 6 7 |  7.5
Evocations     | 1 2 3 5 6 7 8 9 |  9.0
Dodging        | 5 6 7 8 9 10 | 10.2
Stealth        | 5 6 7 8 9 10 | 10.0
Ice Magic      | 8 9 10 | 10.4

Action                   |  1- 3 |  4- 6 |  7- 9 | 10-12 | 13-15 || total
-------------------------+-------+-------+-------+-------+-------++-------
Melee: Short sword       |    16 |    39 |    96 |       |       ||   151
       Punch             |     1 |       |     5 |     1 |       ||     7
       Bite              |       |     2 |    27 |    47 |    18 ||    94
       War axe           |       |       |   211 |    75 |       ||   286
       Quarterstaff      |       |       |       |   257 |   140 ||   397
 Cast: Freeze            |    42 |     3 |       |       |       ||    45
       Frozen Ramparts   |     1 |     8 |    25 |    61 |    25 ||   120
       Ozocubu's Armour  |     1 |     2 |     9 |    14 |     5 ||    31
       Iron Shot         |       |       |       |       |     7 ||     7
Invok: Curse Item        |       |       |     2 |     5 |       ||     7
Evoke: Wand              |       |       |       |     1 |     2 ||     3
  Use: Scroll            |     5 |     3 |     6 |     2 |     3 ||    19
       Potion            |       |       |     1 |       |     2 ||     3
 Stab: Sleeping          |     3 |     4 |     8 |     8 |     2 ||    25
       Petrified         |       |       |       |     1 |     1 ||     2
Armor: Robe              |    16 |     9 |    47 |   108 |    59 ||   239
Dodge: Dodged            |    34 |    24 |   393 |   578 |   256 ||  1285

Table legend: (Time is in decaauts)
 A = Elapsed time spent in this place.
 B = Non-inter-level travel time spent in this place.
 C = Inter-level travel time spent in this place.
 D = Time resting spent in this place.
 E = Time spent auto-exploring this place.
 F = Levels seen in this place.
 G = Mean time per level.
                   A        B        C        D        E       F      G
               +--------+--------+--------+--------+--------+-----+--------+
         Total |  17302 |  16854 |    448 |   3808 |   7688 |  19 |  910.6 |
       Dungeon |   9701 |   9346 |    355 |   1245 |   5166 |  11 |  881.9 |
        Temple |     64 |     64 |      0 |      0 |      0 |   1 |   64.0 |
          Lair |   7126 |   7033 |     93 |   2563 |   2521 |   5 | 1425.2 |
       Ossuary |    407 |    407 |      0 |      0 |      0 |   1 |  407.0 |
      Ice Cave |      2 |      2 |      0 |      0 |      0 |   1 |    2.0 |
               +--------+--------+--------+--------+--------+-----+--------+

Top non-repeatable levels by time:
  Lair:4: 2235 daAuts
     D:9: 1500 daAuts
     D:5: 1491 daAuts
  Lair:2: 1432 daAuts
  Lair:5: 1432 daAuts
  Lair:3: 1265 daAuts
     D:8: 1127 daAuts
     D:7: 963 daAuts
     D:1: 926 daAuts
     D:6: 910 daAuts
     D:2: 829 daAuts
  Lair:1: 759 daAuts
     D:3: 669 daAuts
    D:10: 559 daAuts
 Ossuary: 407 daAuts
